[Event "*** Titled Tuesday Blitz"]
[Site "Chess.com"]
[Date "2021.02.09"]
[Round "11"]
[White "Alindsay211"]
[Black "Sharpchess22"]
[Result "1-0"]
[WhiteElo "2479"]
[BlackElo "2721"]
[TimeControl "180+1"]
[EndTime "12:06:44 PST"]
[Termination "Alindsay211 won by resignation"]

1. d4 g6 2. Bf4 Bg7 3. Nc3 d6 4.
e4 Nd7 5. Qd2 e5 6. dxe5 dxe5 7.
Be3 h6 8. f3 Ngf6 9. O-O-O c6 10. Nh3 Qe7 11. g4 h5 12. Nf2 hxg4 13. Nxg4 Nxg4 14.
fxg4 O-O 15. h4 Nf6 16. g5 Ng4 17. Be2 Nxe3 18. Qxe3 Rd8 19. h5 Rxd1+ 20. Nxd1 Be6 21. hxg6 fxg6 22. Nc3 Rf8 23. Qxa7 Qxg5+ 24. Kb1 b5 25. a3 Qd8 26. Rd1 Qe8 27. Qc5 Rf7 28. b3 Rd7 29. Rg1 Bf7 30. Kb2 Bf8 31. Qe3 Qe7 32. b4 Rd4 33. Rf1 Bg7 34. Bd3 Rxb4+ 35. axb4 Qxb4+ 36. Kc1 Qxc3 37. Kd1 Be6 38. Qg5 Bf7 39. Qd8+ Bf8 40. Qf6 Qa1+ 41. Ke2 Qa2 42. Qxc6 Be7 43. Qxb5 Bd6 44.
Rxf7 1-0

[Event "*** Titled Tuesday Blitz"]
[Site "Chess.com"]
[Date "2021.02.09"]
[Round "11"]
[White "Pantata007"]
[Black "JiiHart"]
[Result "1-0"]
[WhiteElo "2225"]
[BlackElo "2097"]
[TimeControl "180+1"]
[EndTime "12:06:44 PST"]
[Termination "Pantata007 won by resignation"]

1. d4 d5 2. c4 e6 3. Nc3 Be7 4. cxd5 exd5 5. Bf4 Nf6 6. e3 O-O 7. Bd3 b6 8. Nf3 Bb7 9. O-O Ne4 10. Qc2 f5 11.
Ne5 Nd7 12. f3 Nd6 13. Rae1 g6 14. Bh6 Re8 15. e4 dxe4 16. fxe4 Nxe5 17. dxe5 Nxe4 18. Nxe4 Bxe4 19. Bxe4 Qd4+ 20. Kh1 fxe4 21. Qb3+ Kh8 22. Qf7 Qxe5 23. Rxe4 Rf8 24. Rxe5 Rxf7 25. Rxf7 Bd6 26. Re1 1-0

[Event "*** Titled Tuesday Blitz"]
[Site "Chess.com"]
[Date "2021.02.09"]
[Round "11"]
[White "CalinGheorghiu"]
[Black "MergenKakabaev"]
[Result "1-0"]
[WhiteElo "2316"]
[BlackElo "2378"]
[TimeControl "180+1"]
[EndTime "12:06:46 PST"]
[Termination "CalinGheorghiu won by checkmate"]

1. e4 e5 2. Nc3 Nf6 3. f4 exf4 4. d4 d5 5. e5 Ne4 6. Nf3 Bb4 7. Bd2 Bxc3 8. bxc3 g5 9. h3 Bf5 10. Bd3 c5 11. dxc5 Nc6 12. O-O Qa5 13. Bxe4 Qxc5+ 14.
Kh2 dxe4 15. Nxg5 e3 16. Rxf4 Qxe5 17. Bxe3 Bg6 18. Qd2 Rd8 19. Qf2 Kd7 20. Nf3 Qd6 21.
Nd4 Nxd4 22. Bxd4 Rhe8 23. Bc5 Qe5 24. Bxa7 Ra8 25. Rd1+ Kc8 26. Qc5+ Qxc5 27. Bxc5 Rxa2 28. Bb6 Rb2 29. Rc4+ Kb8 30. Bc7+ Kc8 31. Bf4# 1-0

[Event "*** Titled Tuesday Blitz"]
[Site "Chess.com"]
[Date "2021.02.09"]
[Round "11"]
[White "Mr_Sinigami"]
[Black "Agibileg"]
[Result "1-0"]
[WhiteElo "2640"]
[BlackElo "2509"]
[TimeControl "180+1"]
[EndTime "12:06:49 PST"]
[Termination "Mr_Sinigami won by resignation"]

1. d4 c5 2. d5 e6 3. c4 exd5 4. cxd5 Nf6 5. Nc3 d6 6. Nf3 g6 7.
Nd2 Bg7 8. Nc4 O-O 9. Bf4 Na6 10.
Bxd6 Re8 11. e3 Ne4 12. Nxe4 Rxe4 13. Bg3 b5 14. Nd6 Rb4 15. Bxb5 Bxb2 16. O-O Bxa1 17.
Qxa1 Nc7 18. Bc6 Rab8 19. Qh8+ Kxh8 20. Nxf7+ Kg8 21. Nxd8 Rb1 22. Bxc7 Ba6 23. h4 Rxf1+ 24. Kh2 Rc8 25. d6 Rxf2 26. Bd5+ Kg7 27. Ne6+ Kf6 28. d7 Ke7 29. dxc8=Q Bxc8 30. Nf4 Rc2 31. Bb3 Rc1 32. Nd5+ Kd7 33. Ba4+ Ke6 34. Nf4+ Kf5 35. Ba5 c4 36. Bd2 Ra1 37. Bc2+ Kf6 38. Bc3+ 1-0

[Event "*** Titled Tuesday Blitz"]
[Site "Chess.com"]
[Date "2021.02.09"]
[Round "11"]
[White "KruHor"]
[Black "dpopadic"]
[Result "1-0"]
[WhiteElo "2537"]
[BlackElo "2323"]
[TimeControl "180+1"]
[EndTime "12:06:49 PST"]
[Termination "KruHor won on time"]

1. e4 c5 2. Nf3 Nc6 3. d4 cxd4 4. Nxd4 Nf6 5. Nc3 e5 6. Nf3 Bb4 7. Bd3 d5 8. O-O Bxc3 9. exd5 Nxd5 10. bxc3 O-O 11.
Qe1 Re8 12. Ng5 h6 13. Ne4 Nf4 14. Bxf4 exf4 15. Rd1 f3 16. Qe3 fxg2 17. Rfe1 Be6 18. Bc4 Qh4 19. Nd6 Re7 20. Qg3 Qxg3 21. hxg3 Bxc4 22.
Rxe7 Nxe7 23. Nxc4 Rc8 24. Ne5 Rxc3 25. Rd7 Nf5 26.
Rxf7 Nd4 27. Rxb7 Rxc2 28. Rxa7 Re2 29. Ng6 Kh7 30. Nf4 Rb2 31. Kxg2 Nf5 32. a4 Ne3+ 33.
Kf3 Nc4 34. Ne6 1-0

[Event "*** Titled Tuesday Blitz"]
[Site "Chess.com"]
[Date "2021.02.09"]
[Round "11"]
[White "rasmussvane"]
[Black "PSvidler"]
[Result "0-1"]
[WhiteElo "2913"]
[BlackElo "2926"]
[TimeControl "180+1"]
[EndTime "12:06:51 PST"]
[Termination "PSvidler won by resignation"]

1. Nf3 d5 2. g3 g6 3. Bg2 Bg7 4. d4 Nf6 5. O-O O-O 6. c4 c6 7. Qb3 a5 8. Rd1 a4 9. Qb4 dxc4 10. Qxc4 Bf5 11. Bf4 Qa5 12. Na3 Nbd7 13. e3 Be4 14. Qe2 Qh5 15. Nc4 Nd5 16. Ncd2 Nxf4 17. exf4 Bxf3 18.
Bxf3 Qb5 19. Qxb5 cxb5 20. Bxb7 Ra7 21. Bc6 Bxd4 22. Rab1 Nc5 23. Nf3 Bf6 24. Bxb5 Rb8 25. Bc4 Rxb2 26. Ne5 Bxe5 27. fxe5 a3 28. Rxb2 axb2 29.
Rb1 Ra4 30. Bb3 Nxb3 31. Rxb2 Nd4 32. f4 g5 33. Kf2 gxf4 34. gxf4 Ne6 35. Ke3 Rxf4 36.
Rb7 Ra4 37. Rxe7 Rxa2 38. h4 Rh2 0-1

[Event "*** Titled Tuesday Blitz"]
[Site "Chess.com"]
[Date "2021.02.09"]
[Round "11"]
[White "kekic76"]
[Black "chescomhuynya"]
[Result "0-1"]
[WhiteElo "2376"]
[BlackElo "2492"]
[TimeControl "180+1"]
[EndTime "12:06:51 PST"]
[Termination "chescomhuynya won by checkmate"]

1. e4 c5 2. Nf3 d6 3. d4 cxd4 4. Nxd4 Nf6 5. Nc3 a6 6. a4 g6 7. Bc4 Bg7 8. O-O O-O 9. Re1 Nc6 10. Nb3 Bd7 11. Nd5 h6 12. Nxf6+ exf6 13. Qxd6 f5 14. exf5 Bxf5 15. Qxd8 Rfxd8 16. c3 Ne5 17. Bf1 Nd3 18.
Bxd3 Bxd3 19. Nc5 Bc2 20. a5 Rd5 21. Be3 Rc8 22. Rec1 Bf5 23. b4 Rc7 24. f3 Re7 25. Bf2 Re2 26. Re1 Rc2 27. Rac1 Bxc3 28. Rxc2 Bxc2 29.
Rc1 Bxb4 30. Rxc2 Rd1+ 31. Be1 Bxe1 32. Nxb7 Bg3# 0-1

[Event "*** Titled Tuesday Blitz"]
[Site "Chess.com"]
[Date "2021.02.09"]
[Round "11"]
[White "CraiggoryC"]
[Black "zurzan"]
[Result "1-0"]
[WhiteElo "2161"]
[BlackElo "1992"]
[TimeControl "180+1"]
[EndTime "12:06:52 PST"]
[Termination "CraiggoryC won by checkmate"]

1. e4 Nf6 2. e5 Nd5 3. c4 Nb6 4. d4 d6 5. exd6 cxd6 6. Nc3 g6 7. Be3 Bg7 8. Rc1 O-O 9. b3 Nc6 10. d5 Ne5 11. Be2 e6 12. f4 Ned7 13. dxe6 fxe6 14.
Qxd6 e5 15. Nh3 Qh4+ 16. Bf2 Qh6 17. O-O exf4 18. Bd4 Nf6 19. Nxf4 Bf5 20. Ne6 Bxe6 21. Qxe6+ Kh8 22. Rcd1 Rae8 23. Rxf6 Rg8 24. Qd6 Nc8 25. Qc7 Re7 26. Qf4 g5 27. Rxh6 gxf4 28. Bxg7+ Rexg7 29. Bf3 b6 30. Nd5 Rd7 31. Nf6 Rxd1+ 32. Bxd1 Rg6 33. Rxh7# 1-0

[Event "*** Titled Tuesday Blitz"]
[Site "Chess.com"]
[Date "2021.02.09"]
[Round "11"]
[White "Ave_Mariia"]
[Black "Sergienko_Sergey"]
[Result "1-0"]
[WhiteElo "2496"]
[BlackElo "2386"]
[TimeControl "180+1"]
[EndTime "12:06:53 PST"]
[Termination "Ave_Mariia won by resignation"]

1. d4 Nf6 2. c4 c5 3. d5 e5 4. Nc3 d6 5. e4 Be7 6. g3 Nbd7 7. Nf3 O-O 8. Bg2 Ne8 9. O-O g6 10. a3 Ng7 11. b4 b6 12. Qe2 f5 13. Bh6 Nf6 14. exf5 gxf5 15. Ng5 e4 16. f3 Nxd5 17. Nxd5 Bxg5 18. Bxg7 Kxg7 19. fxe4 Rb8 20. Rf2 Be6 21. exf5 Bxd5 22. Bxd5 Qf6 23. Raf1 Rbe8 24. Be6 Kh8 25. bxc5 dxc5 26. Qf3 Qg7 27. Re1 Bf6 28. Kg2 Bd4 29.
Rfe2 Qf6 30. a4 Re7 31. Qe4 Rg7 32. Qf3 Re7 33. Re4 Rg7 34. Bd5 Qg5 35. Re8 1-0

[Event "*** Titled Tuesday Blitz"]
[Site "Chess.com"]
[Date "2021.02.09"]
[Round "11"]
[White "Ajedrez_con_German"]
[Black "ChampStan"]
[Result "0-1"]
[WhiteElo "2576"]
[BlackElo "2270"]
[TimeControl "180+1"]
[EndTime "12:06:54 PST"]
[Termination "ChampStan won by resignation"]

1. c4 Nf6 2. g3 d5 3. cxd5 Nxd5 4. Bg2 g6 5. Nf3 Bg7 6. O-O O-O 7. Nc3 c5 8. Nxd5 Qxd5 9. d3 Nc6 10. Be3 Qd6 11.
Qc2 b6 12. a3 Bb7 13. Rab1 Rac8 14. Qa4 e5 15. b4 Nd4 16. Bxd4 cxd4 17. Nd2 Bxg2 18.
Kxg2 Qc7 19. Nc4 e4 20. b5 exd3 21. exd3 Qb7+ 22. Kg1 Qf3 23. Qd1 Qd5 24. a4 h5 25.
h4 f5 26. Qb3 Kh7 27. Nd2 Qb7 28. Rbc1 Rc3 29. Rxc3 dxc3 30. Nc4 Qd5 31. Qc2 Re8 32. Ne3 Qf3 33. Qd1 Rxe3 34. fxe3 Qxg3+ 35. Kh1 Qxh4+ 36. Kg2 Qg5+ 37. Kh1 Qxe3 38. Rf3 c2 0-1

[Event "*** Titled Tuesday Blitz"]
[Site "Chess.com"]
[Date "2021.02.09"]
[Round "11"]
[White "igorcadilhac"]
[Black "HackingKid98"]
[Result "1-0"]
[WhiteElo "2333"]
[BlackElo "2461"]
[TimeControl "180+1"]
[EndTime "12:06:54 PST"]
[Termination "igorcadilhac won by checkmate"]

1. e4 c6 2. d4 d5 3. Nc3 dxe4 4. Nxe4 Bf5 5. Ng3 Bg6 6. h4 h6 7. Nf3 Nd7 8. h5 Bh7 9. Bd3 Bxd3 10. Qxd3 e6 11. Bf4 Qa5+ 12. Bd2 Bb4 13. c3 Be7 14. c4 Qb6 15. Bc3 Ngf6 16. O-O-O Rd8 17. Ne4 Nxe4 18. Qxe4 Qa6 19. d5 cxd5 20. cxd5 Nf6 21. Bxf6 Bxf6 22. dxe6 Qxa2 23. exf7+ Kxf7 24. Qg6+ Kf8 25. Rxd8+ Bxd8 26. Re1 Qf7 27. Qd6+ Be7 28. Qb8+ Qe8 29. Qxb7 Kf7 30. Ne5+ Kf6 31. Qf3+ Ke6 32. Nf7+ Kd7 33. Qb7# 1-0

[Event "*** Titled Tuesday Blitz"]
[Site "Chess.com"]
[Date "2021.02.09"]
[Round "11"]
[White "AurumO"]
[Black "jamalm2"]
[Result "0-1"]
[WhiteElo "1891"]
[BlackElo "1941"]
[TimeControl "180+1"]
[EndTime "12:06:54 PST"]
[Termination "jamalm2 won on time"]

1. e4 c5 2. c3 d6 3. d4 cxd4 4. cxd4 Nf6 5. Nc3 Nc6 6. Nf3 a6 7.
Bd3 e6 8. O-O Be7 9. a3 O-O 10. Be3 b5 11. Rc1 Bb7 12. Bb1 d5 13. e5 Nd7 14. Qd3 g6 15. Bh6 Re8 16. Rfd1 Bf8 17.
Qe3 Bg7 18. h4 Ne7 19. h5 Nf5 20. Bxf5 exf5 21. Na2 Nf8 22. Bxg7 Kxg7 23. h6+ Kg8 24. Nb4 Ne6 25. Nc6 Qd7 26. Nb4 Rac8 27. Ng5 f4 28.
Qd2 Nxg5 29. Qxf4 Qf5 30. Qh4 Ne6 31. Rxc8 Rxc8 32. Rd3 Qg5 33. Qh3 Nf4 0-1

[Event "*** Titled Tuesday Blitz"]
[Site "Chess.com"]
[Date "2021.02.09"]
[Round "11"]
[White "FMalexhdez"]
[Black "Klavdia_Nik"]
[Result "1-0"]
[WhiteElo "2171"]
[BlackElo "2052"]
[TimeControl "180+1"]
[EndTime "12:06:56 PST"]
[Termination "FMalexhdez won on time"]

1. e4 g6 2. d4 d6 3. Nc3 Bg7 4.
Nf3 c6 5. a4 a5 6. Bc4 Na6 7. O-O Bg4 8. Be3 Nb4 9. Bb3 Nf6 10.
h3 Bc8 11. e5 Nfd5 12. Nxd5 Nxd5 13. Qd2 Nxe3 14. Qxe3 e6 15. c4 O-O 16. exd6 Qxd6 17. Rad1 Qb4 18. c5 b6 19. Rc1 bxc5 20. Rxc5 Rb8 21. Rc3 c5 22. Rd1 Ba6 23. Ne5 Ra8 24. dxc5 Rfc8 25. c6 1-0

[Event "*** Titled Tuesday Blitz"]
[Site "Chess.com"]
[Date "2021.02.09"]
[Round "11"]
[White "LiamVrolijk"]
[Black "RD4ever"]
[Result "1-0"]
[WhiteElo "2909"]
[BlackElo "2874"]
[TimeControl "180+1"]
[EndTime "12:06:57 PST"]
[Termination "LiamVrolijk won by resignation"]

1. d4 Nf6 2. c4 g6 3. Nc3 Bg7 4. e4 O-O 5. Nf3 d6 6. h3 c5 7.
d5 e6 8. Bd3 exd5 9. exd5 Re8+ 10. Kf1 Nbd7 11. g3 Nb6 12. Kg2 Bf5 13. Bxf5 gxf5 14.
Nh4 Qd7 15. Qd3 Ne4 16. Nd1 Bf6 17. f3 Bxh4 18. gxh4 Nf6 19. Bg5 Nh5 20. Rg1 f6 21. Bd2 Kf7 22. Kh2 Re5 23. f4 Re4 24. Qf3 Ng7 25.
h5 h6 26. b3 Qe7 27. Nc3 Rd4 28. Rg2 Rh8 29. Re1 Qd7 30. Qg3 Kf8 31. Qh4 Ne8 32. Rxe8+ Kxe8 33. Qxf6 Rf8 34. Re2+ Re4 35. Nxe4 1-0

[Event "*** Titled Tuesday Blitz"]
[Site "Chess.com"]
[Date "2021.02.09"]
[Round "11"]
[White "kai_nov"]
[Black "SkippingLaptop"]
[Result "1-0"]
[WhiteElo "2372"]
[BlackElo "2104"]
[TimeControl "180+1"]
[EndTime "12:06:58 PST"]
[Termination "kai_nov won by resignation"]

1. d4 Nf6 2. c4 e6 3. Nc3 Bb4 4. f3 c5 5. d5 b6 6. e4 exd5 7. cxd5 d6 8. Ne2 O-O 9. Ng3 Re8 10. Be2 Ba6 11. Bxa6 Nxa6 12. O-O Bxc3 13. bxc3 Nc7 14. Bf4 g6 15. Qd2 Qd7 16. h4 h5 17.
Rae1 Nb5 18. Re2 Na3 19. e5 Nc4 20. Qd3 Nxe5 21. Bxe5 Rxe5 22. Rxe5 dxe5 23. c4 b5 24. Rd1 Rd8 25. Ne4 Nxe4 26. Qxe4 Qf5 27. cxb5 Qxe4 28. fxe4 Kf8 29. Rc1 Rc8 30. Kf2 Ke7 31. Ke3 Kd6 32. Rf1 Rc7 33. Rf6+ Kd7 34. Rxf7+ Kc8 35. Rxc7+ Kxc7 36. Kd3 1-0

[Event "*** Titled Tuesday Blitz"]
[Site "Chess.com"]
[Date "2021.02.09"]
[Round "11"]
[White "cstevens1"]
[Black "RafalBRC"]
[Result "1-0"]
[WhiteElo "2693"]
[BlackElo "2126"]
[TimeControl "180+1"]
[EndTime "12:06:58 PST"]
[Termination "cstevens1 won on time"]

1. e4 e6 2. d4 d5 3. Nd2 Nf6 4. e5 Nfd7 5. c3 c5 6. f4 Nc6 7. Ndf3 cxd4 8. cxd4 f6 9. Bd3 Bb4+ 10. Bd2 Be7 11. Ne2 f5 12. O-O Qb6 13. Bc3 O-O 14. Kh1 a5 15. Rg1 Nb4 16. Bb1 Qd8 17. g4 fxg4 18.
Rxg4 b6 19. Ng3 Ba6 20. f5 Re8 21. f6 Nxf6 22. exf6 Bxf6 23. Nh5 Rf8 24. a3 Nc6 25. Qc2 Ra7 26. Qxh7+ Kf7 27. Nxg7 Rh8 28. Qg6+ Ke7 29. Ng5 Bxg7 30. Qxg7+ Kd6 31. Qxa7 Nxa7 32. Nf7+ Kc6 33. Nxd8+ 1-0

[Event "*** Titled Tuesday Blitz"]
[Site "Chess.com"]
[Date "2021.02.09"]
[Round "11"]
[White "Reader777"]
[Black "rpragchess"]
[Result "0-1"]
[WhiteElo "2827"]
[BlackElo "2881"]
[TimeControl "180+1"]
[EndTime "12:06:59 PST"]
[Termination "rpragchess won by resignation"]

1. d4 d6 2. c4 e5 3. Nc3 Nc6 4. Nf3 exd4 5. Nxd4 g6 6. g3 Bg7 7. e3 h5 8. h4 Nf6 9. Bg2 Ne5 10. b3 Bg4 11. f3 Bc8 12. e4 c6 13.
Be3 O-O 14. O-O Re8 15. Qd2 Bd7 16. Rad1 Qc7 17. Bf2 Rad8 18. Rfe1 Bc8 19. Be3 a6 20. Qf2 b5 21. cxb5 axb5 22. a3 Qa5 23. Qb2 Bd7 24. Nde2 Bc8 25. Rd2 d5 26. b4 Qc7 27. Bf4 Qa7+ 28. Kh1 Nc4 29. Qc1 Nxd2 30. Bxd2 dxe4 31. Nxe4 Nxe4 32. fxe4 Bg4 33. Nf4 Qf2 34. Be3 Qxg3 35. Rf1 Qxh4+ 36. Kg1 Be5 37. Qxc6 Qg3 38. Bc1 Bd4+ 39.
Kh1 Qh4+ 0-1

[Event "*** Titled Tuesday Blitz"]
[Site "Chess.com"]
[Date "2021.02.09"]
[Round "11"]
[White "NiranjanNavalgund"]
[Black "PowerThinking2650"]
[Result "0-1"]
[WhiteElo "2488"]
[BlackElo "2419"]
[TimeControl "180+1"]
[EndTime "12:07:00 PST"]
[Termination "PowerThinking2650 won by checkmate"]

1. e4 e5 2. Nf3 Nc6 3. Nc3 Nf6 4. d4 exd4 5. Nxd4 Bb4 6. Nxc6 bxc6 7. Bd3 O-O 8. O-O d5 9. exd5 cxd5 10. Qf3 c6 11. Bg5 h6 12. Bxf6 Qxf6 13. Qxf6 gxf6 14. Ne2 Bc5 15.
Ng3 Rb8 16. Rab1 Re8 17. b3 Re5 18. Rfe1 Rb4 19. c4 a5 20. Kf1 Ba6 21. f4 Rxe1+ 22. Rxe1 Kf8 23. Nf5 dxc4 24. Bxc4 Bxc4+ 25. bxc4 Rxc4 26.
g3 h5 27. Rb1 Ke8 28. Rb7 a4 29. Ng7+ Kd8 30. Nxh5 Bd4 31. Ng7 c5 32. Nf5 Rc2 33. h4 Rxa2 34. h5 Rh2 35. h6 a3 36. Nxd4 a2 37. Kg1 a1=Q+ 38. Kxh2 Qxd4 39. h7 Qf2+ 40. Kh1 Qf3+ 41. Kh2 Qh5+ 42. Kg2 Qxh7 43. Kf3 Qd3+ 44.
Kg4 c4 45. Rxf7 c3 46. Rxf6 c2 47. Rc6 Qd7+ 48. Kg5 Qxc6 49. f5 c1=Q+ 50. Kh5 Q1h6+ 51. Kg4 Qe4# 0-1

[Event "*** Titled Tuesday Blitz"]
[Site "Chess.com"]
[Date "2021.02.09"]
[Round "11"]
[White "MPGM"]
[Black "J36225"]
[Result "1-0"]
[WhiteElo "2615"]
[BlackElo "2471"]
[TimeControl "180+1"]
[EndTime "12:07:01 PST"]
[Termination "MPGM won by resignation"]

1. c4 Nf6 2. Nc3 g6 3. e4 d6 4. d4 Bg7 5. h3 O-O 6. Be3 e5 7. d5 a5 8. g4 Na6 9. Nge2 Ne8 10. Ng3 Nc5 11. h4 f5 12. gxf5 gxf5 13. exf5 Bxf5 14. Nxf5 Rxf5 15. h5 Nf6 16. h6 Bf8 17. Bh3 Rh5 18. Bxc5 Rxh3 19. Rxh3 dxc5 20. Qf3 Be7 21.
O-O-O Qd7 22. Rg1+ Kh8 23. Rg7 Rg8 24. Rhg3 Rxg7 25.
Rxg7 Ne8 26. Qf7 Bg5+ 27. Kc2 Qxf7 28. Rxf7 Kg8 29. Rf5 Bxh6 30. Rxe5 Kf7 31. Ne4 Bg7 32. Rf5+ Kg6 33. Rg5+ Kf7 34. f4 h6 35. Rg2 Nf6 36. Nxf6 Bxf6 37. Kd3 h5 38. Ke4 h4 39. b3 Bd4 40.
Kf5 Bc3 41. Rg5 Be1 42. Rh5 Kg7 43. a4 Bf2 44. Kg4 Kg6 45. f5+ Kf6 46. Rh6+ Kg7 47.
Rxh4 1-0

[Event "*** Titled Tuesday Blitz"]
[Site "Chess.com"]
[Date "2021.02.09"]
[Round "11"]
[White "kidagent"]
[Black "xberli"]
[Result "0-1"]
[WhiteElo "2290"]
[BlackElo "2459"]
[TimeControl "180+1"]
[EndTime "12:07:01 PST"]
[Termination "xberli won by resignation"]

1. e4 d5 2. exd5 c6 3. dxc6 Nxc6 4. Nc3 e5 5. Bb5 Nf6 6. d3 Bc5 7. Nf3 O-O 8. O-O Bg4 9. Bxc6 bxc6 10. h3 Bh5 11. Be3 Bxe3 12. fxe3 Qb6 13. Qd2 e4 14. dxe4 Rad8 15. Qf2 Qxb2 16. Na4 Qb4 17. e5 Ne4 18.
Qh4 Qxa4 19. Qxh5 Ng3 20. Qg5 Nxf1 21. Rxf1 Qxc2 22. Rf2 Qg6 23. Qf4 Rd5 24. Ng5 h6 25. Ne4 Re8 26. Rf3 Rexe5 27. Nf2 Rf5 28. Qb8+ Kh7 29. Rg3 Rg5 30. Rxg5 Rxg5 31. g4 Rb5 32. Qxa7 Rb1+ 33. Kg2 Rb2 34. Qa4 Qf6 35. Qe4+ g6 36. Qf4 Qxf4 37. exf4 Rxa2 0-1

[Event "*** Titled Tuesday Blitz"]
[Site "Chess.com"]
[Date "2021.02.09"]
[Round "11"]
[White "TigrVShlyape"]
[Black "wonderfultime"]
[Result "1-0"]
[WhiteElo "2855"]
[BlackElo "2921"]
[TimeControl "180+1"]
[EndTime "12:07:04 PST"]
[Termination "TigrVShlyape won on time"]

1. d4 Nf6 2. Nf3 d5 3. Bf4 Bf5 4. c4 Bxb1 5. Rxb1 dxc4 6. Qa4+ c6 7. Qxc4 e6 8. g3 Bd6 9. Ne5 O-O 10. Bg2 Nd5 11. Bd2 Nd7 12. Nxd7 Qxd7 13. O-O Rfd8 14. Rfd1 h6 15. e3 Rac8 16. b4 a6 17. a4 b5 18. Qb3 Qe7 19. a5 e5 20. e4 Nf6 21.
f4 exf4 22. e5 Bxe5 23. dxe5 Qa7+ 24. Kh1 Ng4 25. Be1 Nxe5 26. gxf4 Nc4 27. Qg3 Rd6 28. Rxd6 Nxd6 29. Bc3 Nf5 30. Qh3 Nd6 31. Rd1 Rd8 32.
Qg3 f5 33. Qg6 Qe7 34. Be5 Ne8 35. Rxd8 Qxd8 36. h3 Qd7 37. Bxc6 Qd1+ 38. Kh2 Qd2+ 39. Qg2 1-0

[Event "*** Titled Tuesday Blitz"]
[Site "Chess.com"]
[Date "2021.02.09"]
[Round "11"]
[White "The_Machine04"]
[Black "GMJustin"]
[Result "0-1"]
[WhiteElo "2451"]
[BlackElo "2319"]
[TimeControl "180+1"]
[EndTime "12:07:07 PST"]
[Termination "GMJustin won on time"]

1. d4 Nf6 2. Bg5 d5 3. e3 c5 4. c3 Qb6 5. Qb3 Nc6 6. Nd2 e5 7. dxc5 Bxc5 8. Bxf6 gxf6 9. Qxd5 Be6 10. Qf3 Qxb2 11.
Rb1 Qxc3 12. Bb5 O-O-O 13. Ba6 Qxd2+ 14. Kf1 Bd5 15. Qg4+ Kb8 16. Rxb7+ Ka8 17. Rb1 f5 18. Bb7+ Kb8 19. Bxc6+ Kc7 20. Qxf5 Bc4+ 0-1

[Event "*** Titled Tuesday Blitz"]
[Site "Chess.com"]
[Date "2021.02.09"]
[Round "11"]
[White "HanSchut"]
[Black "profofchess"]
[Result "0-1"]
[WhiteElo "2263"]
[BlackElo "2401"]
[TimeControl "180+1"]
[EndTime "12:07:08 PST"]
[Termination "profofchess won on time"]

1. e4 e6 2. d4 d5 3. Nd2 e5 4.
dxe5 dxe4 5. Nxe4 Qxd1+ 6. Kxd1 Nc6 7. f4 f6 8. exf6 Nxf6 9. Nxf6+ gxf6 10. Be2 Be6 11.
Bh5+ Kd7 12. Ne2 Rd8 13. c3 Kc8+ 14. Ke1 Bd5 15. Bf3 Bxf3 16. gxf3 Bc5 17. a4 a5 18. Bd2 Rhe8 19. h4 Bf2+ 20. Kxf2 Rxd2 21. Rhe1 Rxb2 22. Kf1 Re3 23. Kf2 Re7 24. Rac1 Nb8 25. Kf1 Ra2 26. Nd4 Rxe1+ 27. Rxe1 Kd7 28. Nf5 Nc6 29. Rd1+ Kc8 30. Re1 Rxa4 31. Re8+ Kd7 32. Rh8 Ke6 33. Ne3 Rxf4 34.
Kf2 Rxh4 0-1

[Event "*** Titled Tuesday Blitz"]
[Site "Chess.com"]
[Date "2021.02.09"]
[Round "11"]
[White "dosto07"]
[Black "paulrusan"]
[Result "1-0"]
[WhiteElo "2383"]
[BlackElo "2237"]
[TimeControl "180+1"]
[EndTime "12:07:10 PST"]
[Termination "dosto07 won by resignation"]

1. d4 Nf6 2. Nf3 g6 3. Nc3 Bg7 4. e4 d6 5. Be2 O-O 6. O-O Bg4 7. Be3 Nc6 8. d5 Bxf3 9. Bxf3 Ne5 10. Be2 c5 11.
dxc6 bxc6 12. f4 Ned7 13. a4 a5 14. Qd2 Rb8 15. Rab1 Qc7 16. Bc4 Rb4 17. b3 Nb6 18. Bd3 Nfd7 19. Na2 c5 20. c3 c4 21. cxb4 cxd3 22.
bxa5 Nc8 23. Rfc1 Qb7 24. Qxd3 Na7 25. a6 Qb8 26. b4 Nb6 27. Nc3 Bxc3 28. Qxc3 Nxa4 29.
Qd4 Nb5 30. Qc4 Na3 31. Qb3 Nxb1 32. Qxa4 Rc8 33. Rxb1 Qc7 34. b5 Qc3 35. Qb3 Qa5 36. a7 Kg7 37. h3 Rc3 38. Qb2 f6 39. Ra1 Qc7 40. a8=Q Rxe3 41. Rc1 Qb6 42. Qf2 d5 43. Qxd5 e6 44. Qc6 Qxc6 45. bxc6 1-0

[Event "*** Titled Tuesday Blitz"]
[Site "Chess.com"]
[Date "2021.02.09"]
[Round "11"]
[White "eljanov"]
[Black "TST2014"]
[Result "1-0"]
[WhiteElo "2882"]
[BlackElo "2578"]
[TimeControl "180+1"]
[EndTime "12:07:13 PST"]
[Termination "eljanov won by resignation"]

1. Nf3 Nf6 2. c4 b6 3. g3 Bb7 4. Bg2 g6 5. O-O Bg7 6. d4 O-O 7. Nc3 Ne4 8. Bf4 d6 9. Qc1 c5 10. Bh6 cxd4 11. Bxg7 Kxg7 12. Nxd4 Nc5 13. Bxb7 Nxb7 14.
Nd5 e6 15. Qc3 e5 16. Nc2 Nd7 17. f4 f6 18. Rad1 Rc8 19. b3 b5 20. Nce3 bxc4 21. Nxc4 Nb6 22. Ndxb6 Qxb6+ 23. Kg2 Qc6+ 24. Qf3 e4 25.
Qe3 d5 26. Na5 Qb6 27. Qxb6 axb6 28. Nxb7 Rc2 29. Rxd5 Rxa2 30. Rd7+ Rf7 31. Rxf7+ Kxf7 32. Nd6+ Ke6 33. Nxe4 Rxe2+ 34. Nf2 Rb2 35. Re1+ Kd7 36. Re3 f5 37. h3 h5 38. g4 hxg4 39. hxg4 b5 40. Kg3 Kc6 41. Nd3 Rb1 42. Ne5+ Kd5 43.
Nxg6 Rg1+ 44. Kf3 fxg4+ 45. Kf2 Rb1 46. f5 b4 47. f6 g3+ 48. Kxg3 Rf1 49. Rf3 Rxf3+ 50.
Kxf3 Ke6 51. Ke4 Kxf6 52. Ne5 Ke6 53. Nd3 Kd6 54. Kd4 Kc6 55. Kc4 Kb6 56. Nxb4 Ka5 57.
Nd5 Ka6 58. Kc5 Ka5 59. b4+ Ka4 60. b5 Ka5 61. b6 Ka6 62. Kc6 Ka5 63. b7 Ka6 64.
b8=R 1-0

[Event "*** Titled Tuesday Blitz"]
[Site "Chess.com"]
[Date "2021.02.09"]
[Round "11"]
[White "LenkaPtacnikova"]
[Black "WilliamSchill"]
[Result "1-0"]
[WhiteElo "2123"]
[BlackElo "1972"]
[TimeControl "180+1"]
[EndTime "12:07:14 PST"]
[Termination "LenkaPtacnikova won on time"]

1. d4 Nf6 2. g3 g6 3. Bg2 Bg7 4. e4 O-O 5. Nc3 d6 6. Nge2 e5 7. d5 Nbd7 8. O-O Nh5 9. Bf3 Ndf6 10. Kh1 Bh3 11. Re1 Bg4 12. Bg2 Qd7 13. f3 Bh3 14. g4 Bxg2+ 15. Kxg2 Nxg4 16. fxg4 Qxg4+ 17. Ng3 Nf4+ 18. Bxf4 Qxf4 19. Nb5 Rfc8 20. Rf1 Qh4 21. Qf3 Qe7 22. Rf2 h5 23. Raf1 Rf8 24. Qc3 h4 25. Ne2 Rac8 26.
Nxa7 Ra8 27. Nb5 Ra4 28. Qf3 Rb4 29. Nbc3 Rxb2 30. Qg4 Rxc2 31. Kh1 c6 32. Rf3 1-0

[Event "*** Titled Tuesday Blitz"]
[Site "Chess.com"]
[Date "2021.02.09"]
[Round "11"]
[White "Irina_Baraeva"]
[Black "korkmaz16"]
[Result "0-1"]
[WhiteElo "2298"]
[BlackElo "2415"]
[TimeControl "180+1"]
[EndTime "12:07:15 PST"]
[Termination "korkmaz16 won by resignation"]

1. d4 d5 2. Nf3 Nf6 3. c4 e6 4.
Nc3 Be7 5. Bf4 O-O 6. e3 c5 7.
cxd5 Nxd5 8. Bg3 Nc6 9. Bd3 cxd4 10. exd4 Bb4 11. Rc1 Qa5 12. Qc2 h6 13. O-O Bd7 14.
Ne4 Rac8 15. a3 Be7 16. Qb1 Qb6 17. Nc5 Rfd8 18. b4 Bf6 19. Nxd7 Rxd7 20. b5 Nce7 21. Rxc8+ Nxc8 22. Rc1 Nd6 23. a4 Kf8 24. Ne5 Rd8 25. Qb2 Nf5 26. Bxf5 exf5 27. f3 f4 28. Bf2 Ne3 29.
Qa3+ Kg8 30. Bxe3 fxe3 31. Qxe3 Rxd4 32. Rc8+ Kh7 33. Ng4 Rd1+ 34. Kf2 Bd4 35. Re8 Bxe3+ 36. Nxe3 Rd2+ 37. Kg3 Re2 38. Nd5 Qd6+ 39. f4 Rxe8 0-1

[Event "*** Titled Tuesday Blitz"]
[Site "Chess.com"]
[Date "2021.02.09"]
[Round "11"]
[White "jaramsdal"]
[Black "Alex-11211"]
[Result "0-1"]
[WhiteElo "2304"]
[BlackElo "2420"]
[TimeControl "180+1"]
[EndTime "12:07:18 PST"]
[Termination "Alex-11211 won by checkmate"]

1. d4 Nf6 2. c4 c5 3. d5 g6 4. Nc3 Bg7 5. e4 O-O 6. Bd3 d6 7. Nge2 e6 8. O-O Na6 9. Re1 Nc7 10. Ng3 a6 11. a4 b6 12. Ra3 Rb8 13. Nf1 Bd7 14. Bg5 h6 15. Bd2 exd5 16. Nxd5 Nfxd5 17. exd5 Bxb2 18. Rb3 Bg7 19. Qc1 Bxa4 20. Ra3 Bd7 21. Bxh6 b5 22. Bc2 bxc4 23. Bxg7 Kxg7 24. Qf4 Qf6 25.
Qxc4 Bb5 26. Qg4 Nxd5 27. Ng3 Kg8 28. Nf5 Rfe8 29. Rd1 Be2 30. Nh6+ Kf8 31. Rf3 Bxd1 32. Rxf6 Re1# 0-1